 Dungeon Crawl Stone Soup version 0.31-a0-466-g98c9adc2b6 (webtiles) character file.

Game seed: 13544123200915251177

209 avis the Scratcher (level 5, -2/24 HPs)
             Began as a Felid Shapeshifter on Aug 6, 2023.
             Slain by a mummy (13 damage)
             ... in an ossuary.
             The game lasted 00:17:50 (3268 turns).

avis the Scratcher (Felid Shapeshifter)             Turns: 3268, Time: 00:17:51

Health: -2/24      AC:  2    Str: 13    XL:     5   Next: 55%
Magic:  6/6        EV: 19    Int:  9    God:
Gold:   224        SH:  0    Dex: 17    Spells: 4/4 levels left
                                        Lives:  0   Deaths: 1

rFire   . .          .
                       - Unarmed
rCold   . . .        (shield unavailable)
rNeg    . . .        (body armour unavailable)
rPois   .            (helmet unavailable)
rElec   .            (cloak unavailable)
rCorr   .            (gloves unavailable)
SInv    +            (boots unavailable)
Will    .....        (no amulet)
Stlth   ++           (no ring)
HPRegen 0.24/turn    (no ring)
MPRegen 0.10/turn

%: no passive effects
@: beast-form, quick
A: beast (slay +2), very small, claws 1, fangs 3, see invisible, speed 1, shaggy
fur 2, stealthy paws, no weapons or thrown items, no armour, multi-lived
a: Begin Untransformation


You were in an ossuary.
You were a hulking beast.
You visited 1 branch of the dungeon, and saw 4 of its levels.
You also visited: Sewer and Ossuary.

You collected 224 gold pieces.

Inventory:

Jewellery
 q - the Hermit's Pendant {Faith Invo=14 Evo=0 MP+5}
   (You found it on level 3 of the Dungeon)

   [amulet of faith]

   Invo=14: It sets your Invocations skill to 14.
   Evo=0: It sets your Evocations skill to 0.
   It allows you to gain divine favour quickly.
   MP:        It affects your magic capacity (+5).
Talismans
 b - a beast talisman (active)
Wands
 o - a wand of roots (5)
Scrolls
 h - a scroll of fear {unknown}
 i - 2 scrolls of teleportation {unknown}
 j - a scroll of silence {unknown}
 l - 4 scrolls of identify {unknown}
 m - 2 scrolls of enchant weapon {unknown}
 p - a scroll of blinking {unknown}
Potions
 a - a potion of lignification
 c - 2 potions of enlightenment {unknown}
 d - a potion of attraction {unknown}
 e - 2 potions of heal wounds {unknown}
 f - 2 potions of curing {unknown}
 g - 2 potions of brilliance {unknown}
 k - 2 potions of magic {unknown}
 n - a potion of resistance {unknown}
 r - a potion of mutation {unknown}
 s - 2 potions of ambrosia {unknown}
 t - a potion of degeneration {unknown}


   Skills:
 + Level 3.4 Fighting
 + Level 5.0 Dodging
 + Level 2.4 Stealth
 * Level 5.2 Unarmed Combat
 - Level 3.2 Shapeshifting


You had 4 spell levels left.
You didn't know any spells.
Your spell library contained the following spells:

 Spells                   Type           Power      Damage    Failure   Level
 Slow                     Hex            0%         N/A       38%         1
 Confusing Touch          Hex            0%         N/A       77%         3
 Frozen Ramparts          Ice            0%         1d1       77%         3
 Inner Flame              Hex/Fire       0%         N/A       77%         3
 Vampiric Draining        Necr           0%         2d6       77%         3
 Flame Wave               Conj/Fire      0%         2d4       99%         4
 Petrify                  Tmut/Erth      0%         N/A       99%         4
 Sticky Flame             Conj/Fire      0%         2d3       99%         4
 Metabolic Englaciation   Hex/Ice        0%         N/A       100%        5


Dungeon Overview and Level Annotations

Branches:
Dungeon (4/15)              Sewer (visited)         Ossuary (1/1)
 Temple: D:4-7

Altars:
Makhleb
Zin

Annotations:
D:2 1 runed translucent door, Crazy Yiuf


Innate Abilities, Weirdness & Mutations

You are a hulking beast.
Your limbs bulge with bestial killing power. (Slay +2)
You have sharp claws.
You have razor-sharp teeth.
You have supernaturally acute eyesight. (SInv)
You cover ground quickly. (Speed+)
You are covered in thick fur. (AC +2)
Your paws help you pounce on unaware monsters.
You are incapable of wielding weapons or throwing items.
You cannot wear armour.
You gain extra lives every three experience levels.


Message History

As you open the door, it creaks loudly!
A mummy comes into view.
A mummy comes into view.
There is an open door here.
A mummy comes into view.
You scratch the mummy. You bite the mummy.
The mummy is moderately damaged.
The mummy completely misses you.
You scratch the mummy.
The mummy is moderately damaged.
You scratch the mummy. You claw the mummy. You bite the mummy.
The mummy is almost destroyed.
The mummy closely misses you.
You scratch the mummy.
You destroy the mummy!
The mummy hits you!
Ouch! That really hurt!
The orc zombie closely misses you.
There is an open door here.
You barely miss the orc zombie. You bite the orc zombie.
The orc zombie is heavily damaged.
You claw the mummy!
The mummy is moderately damaged.
You scratch the mummy.
The mummy is severely damaged.
You scratch the mummy. You claw the mummy.
You destroy the mummy!
Your Dodging skill increases to level 5!
You scratch the orc zombie.
You destroy the orc zombie!
You scratch the mummy but do no damage. You scratch the mummy.
You claw the mummy, but do no damage.
The mummy is lightly damaged.
You scratch the mummy.
The mummy is moderately damaged.
You scratch the mummy but do no damage. Your claw misses the mummy.
The mummy is severely damaged.
The mummy hits you!
Ouch! That really hurt!
You die...

##.......
##......# #
#......# ..
#.....##...
#..............
##.............Z
##.............
#M##........#
##hM##......#
##....##....#
##......#....#
#.......#....#
#.......#....#
#.......#....#
##......#Z...#
#.....##.M..#
##....##†...#


You could see 2 mummies.

Vanquished Creatures
  Pargi (Sewer)
  An ogre (D:3)
  5 mummies (Ossuary)
  A gnoll (D:3)
  3 adders
  6 worms
  A dart slug (D:2)
  4 orcs (D:3)
  4 bats
  6 endoplasms
  3 giant cockroaches (D:1)
  A gnoll zombie (Ossuary)
  5 goblins
  11 hobgoblins
  8 jackals
  2 quokkas (D:2)
  6 ball pythons
  2 frilled lizards (D:3)
  3 hobgoblin zombies (Ossuary)
  5 kobolds
  2 kobold zombies (Ossuary)
  An orc zombie (Ossuary)
  5 rats
86 creatures vanquished.

Notes
Turn   | Place    | Note
-------+----------+-------------------------------------------
     0 | D:1      | avis the Felid Shapeshifter began the quest for the Orb.
     0 | D:1      | Reached XP level 1. HP: 9/9 MP: 2/2
   159 | D:1      | Reached XP level 2. HP: 12/12 MP: 3/3
   671 | D:2      | Reached XP level 3. HP: 15/15 MP: 4/4
   756 | D:2      | Reached skill level 1 in Stealth
   971 | D:2      | Found a runed translucent door.
   972 | D:2      | Noticed Crazy Yiuf
  1386 | D:2      | Reached XP level 4. HP: 14/19 MP: 5/5
  2019 | D:3      | Found a glowing drain.
  2029 | Sewer    | Entered a sewer
  2128 | Sewer    | Noticed Pargi
  2136 | Sewer    | Killed Pargi
  2137 | Sewer    | Reached XP level 5. HP: 23/23 MP: 6/6
  2636 | D:3      | Noticed a balrug
  2637 | D:3      | Found a burning altar of Makhleb.
  2637 | D:3      | Noticed an ogre
  2639 | D:3      | Found a glowing silver altar of Zin.
  2649 | D:3      | Killed an ogre
  2650 | D:3      | Reached skill level 5 in Unarmed Combat
  2650 | D:3      | Gained mutation: You are covered in thick fur. (AC +2)
                  | [Felid growth]
  2650 | D:3      | Reached XP level 6. HP: 28/28 MP: 7/7
  2654 | D:3      | Noticed an angel
  2899 | D:3      | Found a faded altar of an unknown god.
  2899 | D:3      | Found the Hermit's Pendant {Faith Invo=14 Evo=0 MP+5}
  3099 | D:4      | Found a sand-covered staircase.
  3103 | Ossuary  | Entered an ossuary
  3205 | Ossuary  | Slain by a mummy
  3206 | Ossuary  | Reached XP level 5. HP: -2/24 MP: 6/6
  3264 | Ossuary  | Reached skill level 5 in Dodging
  3268 | Ossuary  | Slain by a mummy

Illustrated notes

Levels and vault maps discovered:
D:1:      minmay_arrival_shattered_statue, layout_loops_ring
D:2:      minmay_razor_zed, layout_basic, minmay_misc_feat_secret_circle,
          uniq_crazy_yiuf_cottage
D:3:      layout_loops_ring, grunt_temple_overflow_order_and_chaos_2,
          cheibrodos_sewer_entry_bend, hellmonk_guarded_unrand_hermit
D:4:      layout_layer_cave, serial_shops, nicolae_shop_rolled_up,
          lightli_ossuary_entry_decrepit_ruins, uniq_menkaure, uniq_natasha,
          uniq_duvessa
Ossuary:  ossuary_tomb_3

Skill      XL: |  1  2  3  4  5 |
---------------+----------------+-----
Dodging        | 3 4 5 |  5.0
Stealth        | 1 2 |  2.4
Fighting       | 2 3 |  3.4
Unarmed Combat | 4 5 |  5.2
Shapeshifting  | |  3.2

Action                     |  1- 3 |  4- 6 || total
---------------------------+-------+-------++-------
  Melee: Unarmed           |    91 |   119 ||   210
         Bite              |     3 |    19 ||    22
         Punch             |     4 |    10 ||    14
  Evoke: Wand              |       |     2 ||     2
    Use: Potion            |       |     1 ||     1
   Stab: Sleeping          |     7 |     4 ||    11
 Armour: Skin              |     1 |    14 ||    15
  Dodge: Dodged            |    57 |    74 ||   131

Table legend: (Time is in decaauts)
 A = Elapsed time spent in this place.
 B = Non-inter-level travel time spent in this place.
 C = Inter-level travel time spent in this place.
 D = Time resting spent in this place.
 E = Time spent auto-exploring this place.
 F = Levels seen in this place.
 G = Mean time per level.
                   A        B        C        D        E       F      G
               +--------+--------+--------+--------+--------+-----+--------+
         Total |   2756 |   2452 |    304 |    329 |   1354 |   6 |  459.3 |
       Dungeon |   2428 |   2124 |    304 |    258 |   1327 |   4 |  607.0 |
         Sewer |    180 |    180 |      0 |     71 |     27 |   1 |  180.0 |
       Ossuary |    147 |    147 |      0 |      0 |      0 |   1 |  147.0 |
               +--------+--------+--------+--------+--------+-----+--------+

Top non-repeatable levels by time:
     D:2: 1000 daAuts
     D:3: 818 daAuts
     D:1: 595 daAuts
   Sewer: 180 daAuts
 Ossuary: 147 daAuts
     D:4: 14 daAuts
